[Event "Vezerkepzo IM May 2021"]
[White "Pein, Jonathan"]
[Black "Bokros, Albert"]
[WhiteFideId "417092"]
[BlackFideId "710458"]
[WhiteElo "2185"]
[BlackElo "2458"]
[Result "0-1"]
[Round "06"]
[TimeControl "5400+30"]
[Date "Tue May 18 2021"]
[WhiteClock "0:33:29"]
[BlackClock "0:33:14"]

1. e4 c5 2. g3 Nc6 3. Bg2 g6 4. Ne2 Bg7 5. O-O e5 6. a3 Nge7 7. b4 d6 8. c3 O-O 9. d3 Be6 10. Be3 b6 11. b5 Na5 12. c4 Qd7 13. Nbc3 Rae8 14. Rb1 f5 15. Bg5 f4 16. f3 h6 17. Bxe7 Rxe7 18. Nd5 Ref7 19. g4 h5 20. gxh5 gxh5 21. Qe1 Bh6 22. h4 Kh8 23. Kh2 Rg8 24. Rg1 Rg6 25. Qf1 Qd8 26. Bh3 Rxg1 27. Nxg1 Qxh4 28. Qe1 Qxe1 29. Rxe1 Bxd5 30. exd5 Nb3 31. Ne2 e4 32. dxe4 Nd2 33. Ng1 Nxc4 34. Kg2 Bg7 35. Be6 Rf6 36. Kf2 Rg6 37. Nh3 Bd4+ 38. Kf1 Rg3 39. Ke2 Rg2+ 40. Kd1 Nb2+ 41. Kc1 Nd3+ 42. Kd1 Nxe1 43. Kxe1 Be5 44. Nf2 c4 45. Kf1 Rg3 46. Ke2 c3 47. Nd3 c2 48. Kd2 Rg2+ 49. Kc1 Bd4 50. e5 Be3+ 0-1